 Dungeon Crawl Stone Soup version 0.22.1-1-ga44c0e5 (webtiles) character file.

18621 MalarOregon the Carver (level 12, 0/108 HPs)
             Began as a Minotaur Berserker on Sept 21, 2018.
             Was a High Priest of Trog.
             Killed by vampiric draining
             ... invoked by a vampire
              (11 damage)
             ... on level 12 of the Dungeon.
             The game lasted 00:28:23 (12397 turns).

MalarOregon the Carver (Minotaur Berserker)        Turns: 12397, Time: 00:28:24

Health: 0/108      AC: 15    Str: 28    XL:     12   Next: 29%
Magic:  11/11      EV: 13    Int:  4    God:    Trog [*****.]
Gold:   949        SH: 18    Dex:  9    Spells: 11/11 levels left

rFire    . . .     SeeInvis .   a - +1 falchion
rCold    + + .     Gourm    .   f - +0 large shield
rNeg     . . .     Faith    .   T - +3 leather armour of the Harp {rC+ Stlth+}
rPois    .         Spirit   .   P - +0 hat
rElec    .         Reflect  .   s - +2 cloak
rCorr    .         Harm     .   (no gloves)
MR       .....                  w - +0 pair of boots
Stlth    ++........             (no amulet)
HPRegen  0.28/turn              G - +3 ring of protection
MPRegen  0.12/turn              o - ring of protection from cold

@: berserk cooldown, slowed, very slow
A: retaliatory headbutt, horns 2
a: Berserk, Trog's Hand, Brothers in Arms, Renounce Religion


You were on level 12 of the Dungeon.
You worshipped Trog.
Trog was extremely pleased with you.
You were very hungry.

You visited 1 branch of the dungeon, and saw 12 of its levels.
You also visited: Labyrinth and Ossuary.

You collected 949 gold pieces.

Inventory:

Hand Weapons
 a - a +1 falchion (weapon)
 n - the +11 shortbow "Amoa" {venom, *Drain rF+ MR+ Str+2}
   (You found it on level 9 of the Dungeon)

   It poisons the ammo it fires.
   It affects your strength (+2).
   It protects you from fire.
   It affects your resistance to hostile enchantments.
   It causes draining when unequipped.
 Q - the +1 rapier "Ysailakuaf" {drain, Str+2, unknown}
   (You took it off a minotaur in a labyrinth)

   A truly terrible weapon, it drains the life of those it strikes.
   It affects your strength (+2).
Missiles
 c - 4 throwing nets {!f}
 N - 8 javelins (quivered)
 S - 20 poisoned javelins
Armour
 f - a +0 large shield (worn)
   (You found it on level 1 of the Dungeon)
 s - a +2 cloak (worn)
   (You found it on level 3 of the Dungeon)
 w - a +0 pair of boots (worn)
   (You found it on level 4 of the Dungeon)
 P - a +0 hat (worn)
   (You found it in a labyrinth)
 T - the +3 leather armour of the Harp (worn) {rC+ Stlth+}
   (You found it in a labyrinth)

   It protects you from cold.
   It makes you more stealthy.
Jewellery
 o - a ring of protection from cold (right hand)
   (You found it on level 11 of the Dungeon)
 r - an uncursed ring of poison resistance {unknown}
   (You found it on level 12 of the Dungeon)
 G - a +3 ring of protection (left hand)
   (You found it on level 10 of the Dungeon)
 H - an uncursed ring of ice
   (You found it on level 6 of the Dungeon)
 K - an uncursed ring of flight
   (You found it on level 7 of the Dungeon)
Wands
 d - a wand of iceblast (10)
   (You found it on level 6 of the Dungeon)
 p - a wand of clouds (8)
   (You found it on level 5 of the Dungeon)
 t - a wand of flame (28)
   (You found it on level 6 of the Dungeon)
 x - a wand of acid (6)
   (You found it in a labyrinth)
Scrolls
 i - 6 scrolls of teleportation {@r4}
 j - a scroll of silence
 l - 2 scrolls of identify {@r1}
 q - 5 scrolls of magic mapping
 A - 3 scrolls of remove curse {@r2}
 C - 2 scrolls of fear
 J - 3 scrolls of immolation {!r}
 M - a scroll of enchant weapon
Potions
 g - 2 potions of agility
 h - 3 potions of haste {@q3}
 k - 2 potions of cancellation
 m - 5 potions of heal wounds {@q2}
 y - 2 potions of lignification {!q}
 z - a potion of ambrosia
 B - 2 potions of mutation {!q}
 F - 5 potions of curing {@q1}
 L - a potion of resistance
Comestibles
 b - 11 chunks of flesh
 e - 19 rations {!d}


   Skills:
 + Level 10.7 Fighting
 - Level 14.0 Long Blades
 + Level 10.3 Armour
 + Level 9.4 Dodging
 + Level 10.0 Shields


You had 11 spell levels left.
You didn't know any spells.
Your spell library was empty.

Dungeon Overview and Level Annotations

Branches:
Dungeon (12/15)            Temple (0/1) D:5            Lair (0/6) D:8
    Orc (0/2) D:12

Altars:
Cheibriados
Dithmenos
Fedhas
Gozag
Hepliaklqana
Kikubaaqudgha
Makhleb
Nemelex Xobeh
Qazlal
Trog
Vehumet
Wu Jian
Yredelemnul
Zin
The Shining One

Shops:
D:12 :


Innate Abilities, Weirdness & Mutations

You reflexively headbutt those who attack you in melee.
You have a pair of horns on your head.


Message History

You miss something. Your headbutt misses something.
Unknown command.
You slash something! Something hits you.
* * * LOW HITPOINT WARNING * * *
Something completely misses you.
You closely miss something. Something hits you but does no damage.
Something bites you but does no damage.
You hit something.
You are feeling hungry.
You miss something. Something hits you!
* * * LOW HITPOINT WARNING * * *
You block something's attack.
You closely miss something. Your headbutt misses something. Something hits you.
* * * LOW HITPOINT WARNING * * *
Something bites you.
* * * LOW HITPOINT WARNING * * *
Something draws strength from your injuries!
Unknown command.
A red film seems to cover your vision as you go berserk!
You feel yourself moving faster!
You feel mighty!
You are feeling very hungry.
You hear some strange, mumbled words.
You are confused.
You bump into the rock wall.
You feel a strong urge to attack something.
Unholy energy fills the air.
* * * LOW HITPOINT WARNING * * *
You bump into the rock wall.
You miss something. Your headbutt misses something.
Something barely misses you. Something bites you but does no damage.
You bump into the rock wall.
You feel a strong urge to attack something.
You are no longer berserk.
You are exhausted.
You feel yourself slow down.
You're too confused!
You see here a robe.
Something hits you.
* * * LOW HITPOINT WARNING * * *
Something completely misses you.
You bump into the rock wall.
You feel less confused. Something barely misses you.
You block something's attack.
Unknown command.
Unholy energy fills the air.
You die...

#.# #.# #.# #.. #.#
### #.# #.# #.# #[#
#.# #@## #..# #.
#####.#.###... #.#
#)............# #.#
#)###.#.####..####.#
#)# #.#.# #.......#
#)# #.# # ##.###..##
#)#
#.#.####.........
#.#
#..>............#


There were no monsters in sight!

Vanquished Creatures
  A minotaur (Lab)
  Harold (D:8)
  Fannar (D:10)
  A hydra (D:11)
  A death knight (D:12)
  3 two-headed ogres
  Pikel (D:7)
  An ugly thing (D:12)
  Joseph (D:7)
  4 gargoyles
  A komodo dragon (D:8)
  2 hornets (D:9)
  2 hippogriffs
  3 redbacks (Lab)
  2 water elementals (D:11)
  4 wyverns
  Eustachio (D:5)
  6 yaks (D:12)
  2 hungry ghosts (D:12)
  Menkaure (D:5)
  A two-headed ogre zombie (D:12)
  2 water moccasins
  A soldier ant (D:9)
  The ghost of buskinjo the Magician, an amateur OpEE (D:3)
  2 sky beasts
  A slave (D:7)
  A black bear (D:6)
  2 orc warriors
  7 ogres
  2 necrophages
  11 centaurs
  A crocodile (D:12)
  4 big kobolds
  An elf zombie (Ossuary)
  A gnoll sergeant (D:10)
  8 bullfrogs
  An earth elemental (Lab)
  A troll zombie (D:12)
  5 scorpions
  5 killer bees (D:9)
  3 wights (D:10)
  7 electric eels (D:11)
  4 howler monkeys
  6 crimson imps
  2 bullfrog zombies (D:11)
  4 hounds
  3 centaur zombies (Ossuary)
  10 orc priests
  7 centaur skeletons
  2 jellies
  A bullfrog skeleton (D:5)
  2 iguanas
  7 orc wizards
  7 worker ants
  8 ogre zombies
  3 hound zombies
  A hound skeleton (D:6)
  7 mummies (Ossuary)
  10 gnolls
  11 adders
  3 shadow imps
  An ooze (D:1)
  2 adder zombies (Ossuary)
  2 adder skeletons
  3 worms
  2 dart slugs (D:1)
  5 leopard geckos
  32 orcs
  8 bats
  3 giant cockroaches
  9 goblins
  12 hobgoblins
  11 jackals
  5 quokkas
  4 ball pythons
  7 frilled lizards
  8 goblin zombies
  3 hobgoblin skeletons (D:12)
  5 hobgoblin zombies
  24 kobolds
  6 kobold zombies (Ossuary)
  3 orc skeletons (D:12)
  12 orc zombies (D:12)
  2 quokka zombies (Ossuary)
  10 rats
  9 rat zombies
  2 plants (Lab)
395 creatures vanquished.

Vanquished Creatures (others)
  A sky beast (D:8)
  A human (D:3)
  2 adders (D:8)
  A giant cockroach (D:8)
  A plant (D:8)
6 creatures vanquished.

Grand Total: 401 creatures vanquished

Notes
Turn   | Place    | Note
-------+----------+-------------------------------------------
     0 | D:1      | MalarOregon the Minotaur Berserker began the quest for the
                  | Orb.
     0 | D:1      | Reached XP level 1. HP: 19/19 MP: 0/0
    62 | D:1      | Reached skill level 4 in Long Blades
    62 | D:1      | Reached XP level 2. HP: 17/27 MP: 1/1
   207 | D:1      | Reached ** piety under Trog
   207 | D:1      | Reached XP level 3. HP: 30/33 MP: 2/2
   805 | D:2      | Reached skill level 1 in Shields
   862 | D:2      | Reached XP level 4. HP: 35/40 MP: 3/3
  1266 | D:2      | Found a radiant altar of Vehumet.
  1373 | D:3      | Found a shadowy altar of Dithmenos.
  1400 | D:3      | Reached skill level 5 in Long Blades
  1409 | D:3      | Reached XP level 5. HP: 25/47 MP: 4/4
  1762 | D:3      | Reached *** piety under Trog
  1897 | D:3      | Found an ancient bone altar of Kikubaaqudgha.
  1897 | D:3      | Noticed a human
  1900 | D:3      | Killed a human
  1928 | D:3      | Found a runed door.
  1928 | D:3      | Noticed buskinjo's ghost (amateur OpEE)
  2194 | D:3      | Killed buskinjo's ghost
  2194 | D:3      | Reached XP level 6. HP: 52/53 MP: 5/5
  2329 | D:4      | Reached skill level 6 in Long Blades
  2518 | D:4      | Reached skill level 5 in Fighting
  2553 | D:4      | Reached XP level 7. HP: 41/61 MP: 6/6
  2718 | D:4      | Noticed a moth of wrath
  3268 | D:4      | Found a stormy altar of Qazlal.
  3399 | D:4      | Found a bloodstained altar of Trog.
  3483 | D:5      | Entered Level 5 of the Dungeon
  3500 | D:5      | Reached skill level 7 in Long Blades
  3500 | D:5      | Reached skill level 5 in Armour
  3520 | D:5      | Reached **** piety under Trog
  3540 | D:5      | Reached XP level 8. HP: 47/70 MP: 7/7
  3835 | D:5      | Found a staircase to the Ecumenical Temple.
  3975 | D:5      | Noticed Eustachio
  4011 | D:5      | Killed Eustachio
  4011 | D:5      | Reached skill level 8 in Long Blades
  4011 | D:5      | Reached skill level 5 in Dodging
  4182 | D:5      | Noticed Menkaure
  4191 | D:5      | Killed Menkaure
  4610 | D:6      | Found an opulent altar of Gozag.
  4656 | D:6      | Reached skill level 5 in Shields
  4661 | D:6      | Found a sand-covered staircase.
  4668 | Ossuary  | Entered an ossuary
  4877 | Ossuary  | Reached ***** piety under Trog
  4877 | Ossuary  | Reached skill level 9 in Long Blades
  4919 | Ossuary  | Reached XP level 9. HP: 78/78 MP: 8/8
  5728 | D:7      | Received a gift from Trog
  5765 | D:7      | Noticed Joseph
  5787 | D:7      | Killed Joseph
  5865 | D:7      | Reached skill level 10 in Long Blades
  6169 | D:7      | Found an ornate altar of the Wu Jian Council.
  6229 | D:7      | Noticed Pikel
  6244 | D:7      | Killed Pikel
  6244 | D:7      | Reached XP level 10. HP: 88/88 MP: 9/9
  6656 | D:8      | Noticed Harold
  6666 | D:8      | Killed Harold
  6666 | D:8      | Reached skill level 11 in Long Blades
  6766 | D:8      | Noticed a two-headed ogre
  6782 | D:8      | Killed a two-headed ogre
  6810 | D:8      | Found a basalt altar of Yredelemnul.
  6837 | D:8      | Noticed a two-headed ogre
  6854 | D:8      | Killed a two-headed ogre
  6871 | D:8      | Found a staircase to the Lair.
  7241 | D:9      | Reached skill level 12 in Long Blades
  7398 | D:9      | Found a burning altar of Makhleb.
  7418 | D:9      | Got a polished shortbow
  7518 | D:9      | Found a sparkling altar of Nemelex Xobeh.
  7524 | D:9      | Found a snail-covered altar of Cheibriados.
  7526 | D:9      | Found a blossoming altar of Fedhas.
  7528 | D:9      | Found a glowing silver altar of Zin.
  7529 | D:9      | Found a hazy altar of Hepliaklqana.
  7620 | D:9      | You fall through a shaft!
  7620 | D:10     | Entered Level 10 of the Dungeon
  7648 | D:10     | Reached XP level 11. HP: 89/97 MP: 10/10
  8021 | D:9      | Found a glowing golden altar of the Shining One.
  8403 | D:10     | Noticed Fannar
  8442 | D:10     | Killed Fannar
  8648 | D:10     | Received a gift from Trog
  8900 | D:10     | Identified the +11 shortbow "Amoa" {venom, *Drain rF+ MR+
                  | Str+2} (You found it on level 9 of the Dungeon)
  9003 | D:11     | Noticed a six-headed hydra
  9010 | D:11     | Killed a six-headed hydra
  9061 | D:11     | Noticed a two-headed ogre
  9064 | D:11     | Found a labyrinth entrance.
  9072 | Lab      | Entered a labyrinth
  9593 | Lab      | Noticed a minotaur
  9621 | Lab      | Killed a minotaur
  9621 | Lab      | Reached skill level 13 in Long Blades
  9623 | Lab      | Got a slimy rapier {drain}
  9634 | Lab      | Found the +10 Black Knight's horse barding {ponderous,
                  | rPois rN+}
  9634 | Lab      | Got a faintly glowing leather armour
  9634 | Lab      | Got an ominously black robe
  9642 | D:11     | HP: 2/99 [two-headed ogre/giant spiked club (6)]
  9647 | D:11     | HP: 1/99 [two-headed ogre/giant spiked club (7)]
  9650 | D:11     | Killed a two-headed ogre
  9650 | D:11     | Reached skill level 10 in Fighting
 10939 | D:11     | Identified the +3 leather armour of the Harp {rC+ Stlth+}
                  | (You found it in a labyrinth)
 10949 | D:11     | Identified the cursed +0 robe of Sif Muna's Delight {Int+2
                  | Slay+3 Stlth+} (You found it in a labyrinth)
 11433 | D:12     | Found Hutsaq's Book Shop.
 11439 | D:12     | Noticed a cyan ugly thing
 11458 | D:12     | Killed a cyan ugly thing
 11727 | D:12     | Reached skill level 10 in Armour
 11727 | D:12     | Reached XP level 12. HP: 89/107 MP: 11/11
 11745 | D:12     | Found a staircase to the Orcish Mines.
 11754 | D:12     | Received a gift from Trog
 11786 | D:12     | Noticed a death knight
 11804 | D:12     | Killed a death knight
 12167 | D:12     | Reached skill level 14 in Long Blades
 12363 | D:12     | Reached skill level 10 in Shields
 12397 | D:12     | Killed from afar by a vampire

Skill      XL: |  1  2  3  4  5  6  7  8  9 10 11 12 |
---------------+-------------------------------------+-----
Long Blades    | 4 5 6 7 9 10 12 13 14 | 14.0
Fighting       | 4 5 6 8 9 10 | 10.7
Armour         | 3 4 5 6 7 8 10 | 10.3
Shields        | 1 2 3 5 6 8 9 10 | 10.0
Dodging        | 3 4 5 6 7 9 |  9.4

Action                   |  1- 3 |  4- 6 |  7- 9 | 10-12 || total
-------------------------+-------+-------+-------+-------++-------
Melee: Falchion          |    94 |   145 |   582 |   792 ||  1613
       Headbutt          |    12 |    19 |   125 |   203 ||   359
Invok: Berserk           |       |     1 |     3 |     7 ||    11
 Abil: Evoke Flight      |       |       |       |     2 ||     2
Evoke: Wand              |       |       |       |    27 ||    27
  Use: Scroll            |       |       |       |    29 ||    29
       Potion            |       |       |       |     3 ||     3
 Stab: Invisible         |       |       |       |     4 ||     4
       Sleeping          |       |       |       |     1 ||     1
  Eat: Chunk             |       |     6 |    12 |    17 ||    35
       Ration            |       |       |     1 |     3 ||     4
Armor: Ring mail         |    30 |    30 |       |       ||    60
       Plate armour      |       |       |   294 |   132 ||   426
       Leather armour    |       |       |       |    32 ||    32
Dodge: Dodged            |    34 |    38 |    86 |   110 ||   268
Block: Large shield      |    49 |   114 |   490 |   473 ||  1126
       Rpst.: Falchion   |    10 |     6 |    21 |    28 ||    65
